 Dungeon Crawl Stone Soup version 0.27-a0-637-g3a9f0a9c12 (webtiles) character file.

Game seed: 13092982442471796533

1796 Johnny the Thaumaturge (level 8, -8/52 HPs)
             Began as a Deep Elf Earth Elementalist on Mar 15, 2021.
             Mangled by an ogre
             ... wielding a +0 giant club
              (23 damage)
             ... on level 5 of the Dungeon.
             The game lasted 00:05:16 (5694 turns).

Johnny the Thaumaturge (DEEE)                       Turns: 5694, Time: 00:05:16

Health: -8/52      AC:  9    Str:  5    XL:     8   Next: 83%
Magic:  22/22      EV: 15    Int: 23    God:
Gold:   387        SH:  0    Dex: 15    Spells: 10/23 levels left

rFire    . . .     SeeInvis .   y - +2 short sword (drain)
rCold    . . .     Faith    .   (no shield)
rNeg     . . .     Spirit   .   z - +0 leather armour {rPois}
rPois    +         Reflect  .   B - +0 helmet
rElec    .         Harm     .   t - +0 cloak
rCorr    .         Rampage  .   (no gloves)
Will     .....                  (no boots)
Stlth    ++........             (no amulet)
HPRegen  0.17/turn              k - +4 ring of protection
MPRegen  0.18/turn              D - +4 ring of evasion

@: studying Unarmed Combat
A: no striking features
a: no special abilities


You were on level 5 of the Dungeon.
You visited 2 branches of the dungeon, and saw 7 of its levels.

You collected 387 gold pieces.

Inventory:

Hand Weapons
 q - a +0 vampiric dagger
 s - a +4 quarterstaff of chaos
 y - a +2 short sword of draining (weapon)
Missiles
 b - 149 stones
Armour
 c - a +0 robe
 t - a +0 cloak (worn)
 z - a +0 leather armour of poison resistance (worn)
 B - a +0 helmet (worn)
Jewellery
 k - a +4 ring of protection (right hand)
 D - a +4 ring of evasion (left hand)
 E - a +6 ring of dexterity
Wands
 w - a wand of acid (12)
 C - a wand of random effects (20)
 F - a wand of mindburst (11)
Scrolls
 e - a scroll of enchant armour {unknown}
 g - 7 scrolls of teleportation {unknown}
 h - a scroll of enchant weapon {unknown}
 i - 8 scrolls of identify {unknown}
 l - a scroll of random uselessness {unknown}
 o - 2 scrolls of immolation {unknown}
 p - 2 scrolls of fog {unknown}
 r - a scroll of fear {unknown}
 x - 2 scrolls of magic mapping {unknown}
Potions
 a - 2 potions of curing
 d - a potion of attraction {unknown}
 f - a potion of cancellation {unknown}
 j - a potion of flight {unknown}
 m - 2 potions of haste {unknown}
 n - a potion of resistance {unknown}
 u - a potion of mutation {unknown}
 v - 3 potions of invisibility {unknown}
 A - a potion of lignification {unknown}


   Skills:
 * Level 6.7 Fighting
 - Level 2.4 Dodging
 - Level 2.4 Stealth
 + Level 8.0 Spellcasting
 - Level 1.1 Transmutations
 + Level 7.1 Earth Magic


You had 10 spell levels left.
You knew the following spells:

 Your Spells              Type           Power      Damage    Failure   Level
a - Sandblast             Erth           82%        2d17      1%          1
b - Stone Arrow           Conj/Erth      50%        3d10      9%          3
c - Lee's Rapid Deconstr  Erth           20%        3d13*     17%         5
d - Petrify               Tmut/Erth      28%        N/A       22%         4

Your spell library contained the following spells:

 Spells                   Type           Power      Damage    Failure   Level
 Passwall                 Tmut/Erth      23%        N/A       3%          2


Dungeon Overview and Level Annotations

Branches:
Dungeon (6/15)             Temple (1/1) D:5

Altars:
Ashenzari
Dithmenos
Elyvilon
Fedhas
Kikubaaqudgha
Makhleb
Nemelex Xobeh
Qazlal
Ru
Sif Muna
Trog
Uskayaw
Vehumet
Wu Jian
Xom
Yredelemnul
Zin
The Shining One

Shops:
D:4 =


Message History

You closely miss the white imp.
The white imp is heavily wounded.
The white imp closely misses you.
The ogre hits you with a +0 giant club!!
* * * LOW HITPOINT WARNING * * *
You are too injured to fight recklessly!
You are too injured to fight recklessly!
There are monsters nearby!
Unknown command.
The white imp gestures at you. The puff of frost hits you!
* * * LOW HITPOINT WARNING * * *
Okay, then.
Okay, then.
Okay, then.
Okay, then.
A wight comes into view. It is wielding a +3 falchion.
A wight comes into view. It is wielding a +2 scimitar.
It was a potion of curing.
You feel better. The ogre closely misses you.
A wight comes into view. It is wielding a +0 scimitar.
Found 8 gold pieces.
Casting: Stone Arrow (dangerous; 9% risk of failure)
Confirm with . or Enter, or press ? or * to list all spells.
Aiming: Sandblast (safe; 1% risk of failure)
Press: ? - help, Shift-Dir - straight line, f - white imp
Aim: a white imp (heavily wounded, 17% to evade)
The blast of sand hits the white imp!
You kill the white imp!
The wight hits you but does no damage.
Your Spellcasting skill increases to level 8!
There is a stone staircase leading up here.
There is a stone staircase leading up here.
There is a stone staircase leading up here.
The ogre hits you with a +0 giant club!
* * * LOW HITPOINT WARNING * * *
You climb upwards.
There is a stone staircase leading down here.
You feel better.
The ogre hits you with a +0 giant club!!
You die...

.#....# #.#.........# .#.##.##
#...........# .......#
#...........# ...##..##
#...........# .####...#
#...........# ....#.#.##
#...........# ###.#.#..#
#...........#
..#.#.##.###.#.#######.#
#.#.#.##..##.#.O@....#.#
..............>#####+#'########
..#.#.###..#.#.# #............#
###.#........#.###............#
....######...#................#
...................#+#'########
.....................#.#####
###..........#.............#
#..................#.###.#


You could see an ogre.

Vanquished Creatures
  Pikel (D:4)
  Menkaure (D:5)
  2 ice beasts (D:5)
  An orc warrior (D:5)
  A sky beast (D:5)
  2 ogres
  2 lemures (D:4)
  Blork the orc (D:4)
  2 scorpions (D:4)
  A howler monkey (D:5)
  2 hounds (D:4)
  An orc priest (D:4)
  Crazy Yiuf (D:2)
  A bullfrog skeleton (D:4)
  2 iguanas
  3 orc wizards (D:4)
  A worker ant (D:4)
  A worker ant zombie (D:5)
  Robin (D:4)
  A gnoll (D:1)
  6 adders
  A white imp (D:6)
  An adder zombie (D:5)
  An adder skeleton (D:5)
  2 worms
  2 dart slugs
  5 leopard geckos
  10 orcs
  4 giant cockroaches
  13 goblins
  7 hobgoblins
  7 jackals (D:4)
  2 quokkas
  2 ball pythons
  10 bats
  2 frilled lizards
  5 kobolds
  A quokka skeleton (D:4)
  6 rats
115 creatures vanquished.

Vanquished Creatures (others)
  7 plants
7 creatures vanquished.

Grand Total: 122 creatures vanquished

Notes
Turn   | Place    | Note
-------+----------+-------------------------------------------
     0 | D:1      | Johnny the Deep Elf Earth Elementalist began the quest for
                  | the Orb.
     0 | D:1      | Reached XP level 1. HP: 10/10 MP: 6/6
    67 | D:1      | Reached skill level 1 in Fighting
    67 | D:1      | Reached XP level 2. HP: 12/16 MP: 1/8
   673 | D:1      | Reached XP level 3. HP: 20/20 MP: 8/10
   860 | D:2      | Found a sacrificial altar of Ru.
   872 | D:2      | Found a broken altar of Ashenzari.
  1042 | D:2      | Found a shadowy altar of Dithmenos.
  1765 | D:2      | Found a runed translucent door.
  1766 | D:2      | Noticed Crazy Yiuf
  1771 | D:2      | Killed Crazy Yiuf
  1772 | D:2      | Reached skill level 4 in Spellcasting
  1772 | D:2      | Reached XP level 4. HP: 26/26 MP: 9/12
  2607 | D:4      | Reached XP level 5. HP: 26/31 MP: 8/13
  2751 | D:4      | Noticed a lemure
  2751 | D:4      | Noticed a lemure
  2751 | D:4      | Noticed a lemure
  2751 | D:4      | Noticed Pikel
  2752 | D:4      | Noticed a lemure
  2759 | D:4      | Killed a lemure
  2759 | D:4      | Killed a lemure
  2762 | D:4      | Killed Pikel
  2763 | D:4      | Reached skill level 5 in Spellcasting
  2763 | D:4      | Reached skill level 5 in Earth Magic
  2763 | D:4      | Reached XP level 6. HP: 28/39 MP: 9/16
  2763 | D:4      | Reached XP level 7. HP: 32/44 MP: 9/17
  2906 | D:4      | Reached skill level 6 in Spellcasting
  3042 | D:4      | Found a glowing golden altar of the Shining One.
  3042 | D:4      | Noticed Blork the orc
  3050 | D:4      | Killed Blork the orc
  3143 | D:4      | Found Wuacs's Jewellery Boutique.
  3237 | D:4      | Reached skill level 5 in Fighting
  3321 | D:4      | Found a radiant altar of Vehumet.
  3831 | D:4      | Reached XP level 8. HP: 44/49 MP: 18/20
  3920 | D:4      | Noticed Robin
  3933 | D:4      | Killed Robin
  4418 | D:5      | Entered Level 5 of the Dungeon
  4479 | D:5      | Found a staircase to the Ecumenical Temple.
  4485 | D:5      | Reached skill level 7 in Spellcasting
  4561 | D:5      | Learned a level 3 spell: Stone Arrow
  4567 | D:5      | Learned a level 5 spell: Lee's Rapid Deconstruction
  4572 | D:5      | Learned a level 4 spell: Petrify
  4597 | Temple   | Entered the Ecumenical Temple
  4829 | D:5      | Noticed Menkaure
  4833 | D:5      | Killed Menkaure
  5653 | D:6      | Reached skill level 8 in Spellcasting
  5694 | D:5      | Mangled by an ogre

Illustrated notes

Levels and vault maps discovered:
D:1:      evilmike_arrival_hilbert_curve, layout_rooms,
          minmay_stone_trees_small, hex_medium, moated_statue,
          minmay_small_reverse_x
D:2:      cheibrodos_old_hovel, layout_loops_ring, old_standard_altar,
          nicolae_dithmenos_shadow_blocks, nicolae_ru_awakened_eye,
          patterned_corridor, uniq_crazy_yiuf_cottage
D:3:      layout_loops_cross
D:4:      minmay_chambers_of_twos, layout_loops_corners,
          nicolae_overflow_crystal_walls, minmay_shop_grid_forest,
          nicolae_tso_swordbearing_angel, uniq_robin, uniq_pikel,
          uniq_blork_the_orc
D:5:      layout_basic, minmay_temple_entry_gardened_gates, minmay_manual_moon,
          uniq_menkaure
D:6:      minmay_evil_eye, layout_rooms, okawaru_gym_becter,
          nicolae_hepliaklqana_ecumenical_no_more, serial_shops,
          nicolae_shop_crystal, uniq_duvessa, uniq_eustachio
Temple:   nicolae_temple_great_sept

Skill      XL: |  1  2  3  4  5  6  7  8 |
---------------+-------------------------+-----
Fighting       | 1 2 4 5 6 |  6.7
Spellcasting   | 4 5 6 8 |  8.0
Earth Magic    | 4 5 6 7 |  7.1
Dodging        | |  2.4
Stealth        | |  2.4
Transmutations | |  1.1

Action                   |  1- 3 |  4- 6 |  7- 9 || total
-------------------------+-------+-------+-------++-------
Melee: Unarmed           |    20 |       |       ||    20
       Dagger            |    32 |       |       ||    32
       Quarterstaff      |       |    32 |       ||    32
       Short sword       |       |    10 |   105 ||   115
 Cast: Sandblast         |    38 |    12 |    50 ||   100
       Stone Arrow       |       |       |     6 ||     6
Evoke: Wand              |       |     2 |     2 ||     4
  Use: Potion            |       |       |     2 ||     2
 Stab: Sleeping          |     3 |     2 |     5 ||    10
       Paralysed         |       |     1 |       ||     1
       Distracted        |       |       |     1 ||     1
Armor: Robe              |    24 |    24 |     2 ||    50
       Leather armour    |       |       |    38 ||    38
Dodge: Dodged            |    51 |    26 |    84 ||   161

Table legend: (Time is in decaauts)
 A = Elapsed time spent in this place.
 B = Non-inter-level travel time spent in this place.
 C = Inter-level travel time spent in this place.
 D = Time resting spent in this place.
 E = Time spent auto-exploring this place.
 F = Levels seen in this place.
 G = Mean time per level.
                   A        B        C        D        E       F      G
               +--------+--------+--------+--------+--------+-----+--------+
         Total |   5713 |   5543 |    170 |    239 |   4494 |   7 |  816.1 |
       Dungeon |   5627 |   5469 |    158 |    239 |   4421 |   6 |  937.8 |
        Temple |     86 |     74 |     12 |      0 |     73 |   1 |   86.0 |
               +--------+--------+--------+--------+--------+-----+--------+

Top non-repeatable levels by time:
     D:4: 1845 daAuts
     D:5: 1124 daAuts
     D:2: 963 daAuts
     D:1: 860 daAuts
     D:3: 763 daAuts
  Temple: 86 daAuts
     D:6: 69 daAuts
